[Event "17th Spilimbergo Open 2019"]
[Site "Spilimbergo"]
[Date "2019.08.11"]
[Round "4.11"]
[White "Admiraal, Miguoel"]
[Black "Percivaldi, Martin"]
[Result "1-0"]
[WhiteElo "2513"]
[BlackElo "2391"]
[PlyCount "119"]
[EventDate "2019.08.09"]
[EventType "swiss"]
[EventCountry "ITA"]
[TimeControl "5400+30"]
[BlackClock "0:02:06"]

1. c4 e6 2. Nc3 d5 3. d4 c6 4. cxd5 exd5 5. Bf4 Bf5 6. e3 Bd6 7. Nge2 Nf6 8. Ng3 Bg6 9. h4 Bxf4 10. exf4 Qe7+ 11. Qe2 Nh5 12. Qxe7+ Kxe7 13. Nce2 Nxg3 14. Nxg3 h6 15. f5 Bh7 16. Bd3 Nd7 17. Kd2 Nf6 18. f3 Kd6 19. Ne2 b6 20. g4 c5 21. Rae1 Rhe8 22. Bb5 Re7 23. Nf4 Rxe1 24. Rxe1 g5 25. hxg5 hxg5 26. Nd3 a6 27. Ba4 Bg8 28. Rh1 Nh7 29. Rh6+ f6 30. Rg6 c4 31. Nc1 b5 32. Bc2 Ke7 33. Rg7+ Kf8 34. Rb7 Ke8 35. Rg7 Kf8 36. Rb7 Ke8 37. a4 Nf8 38. Ne2 Nd7 39. Nc3 Rb8 40. Rxb8+ Nxb8 41. axb5 Kd7 42. bxa6 Nxa6 43. Ne2 Nb4 44. Bb1 Bf7 45. Kc3 Na6 46. Bc2 Kc7 47. Ba4 Kd6 48. Bb5 Nc7 49. Kb4 Na8 50. Nc3 Nb6 51. Ba4 Bg8 52. Be8 Nc8 53. Nb5+ Ke7 54. Bc6 Nb6 55. Nc3 Kd6 56. Kb5 Nc8 57. Bb7 Ne7 58. Kb6 Bf7 59. Nb5+ Kd7 60. Kc5 1-0

[Event "17th Spilimbergo Open 2019"]
[Site "Spilimbergo"]
[Date "2019.08.11"]
[Round "4.12"]
[White "Veinberg, Nimrod"]
[Black "Palac, Mladen"]
[Result "1/2-1/2"]
[WhiteElo "2394"]
[BlackElo "2551"]
[PlyCount "63"]
[EventDate "2019.08.09"]
[EventType "swiss"]
[EventCountry "ITA"]
[TimeControl "5400+30"]

1. d4 d5 2. Bf4 c5 3. e3 Nf6 4. Nf3 e6 5. Nbd2 a6 6. c3 Nbd7 7. Bd3 b5 8. a4 c4 9. Bc2 b4 10. e4 dxe4 11. Nxe4 Nd5 12. Bg5 Qc7 13. a5 f5 14. Ng3 bxc3 15. bxc3 Nxc3 16. Qc1 Nd5 17. O-O Bb4 18. Bd2 c3 19. Qe1 cxd2 20. Qxe6+ Ne7 21. Ng5 Rf8 22. Nh5 Qxc2 23. Nxg7+ Kd8 24. Qd6 Rf6 25. N5e6+ Rxe6 26. Nxe6+ Ke8 27. Qxb4 Rb8 28. Qd6 Rb2 29. Nc7+ Kd8 30. Ne6+ Ke8 31. Nc7+ Kd8 32. Ne6+ 1/2-1/2

[Event "17th Spilimbergo Open 2019"]
[Site "Spilimbergo"]
[Date "2019.08.12"]
[Round "5.1"]
[White "Kovalev, Vladislav"]
[Black "Bosiocic, Marin"]
[Result "1-0"]
[WhiteElo "2651"]
[BlackElo "2611"]
[PlyCount "77"]
[EventDate "2019.08.09"]
[EventType "swiss"]
[EventCountry "ITA"]
[TimeControl "5400+30"]
[WhiteClock "0:24:00"]
[BlackClock "0:07:47"]

1. e4 c5 2. Nf3 d6 3. Bb5+ Nd7 4. O-O a6 5. Bd3 Ngf6 6. Re1 e6 7. a4 b6 8. c3 Be7 9. Bc2 O-O 10. d4 Bb7 11. Nbd2 cxd4 12. cxd4 Rc8 13. Bd3 e5 14. d5 Nh5 15. Nc4 Nc5 16. Bf1 Nf6 17. Nfd2 a5 18. b3 g6 19. Ba3 Ba6 20. Nxd6 Bxd6 21. Bxc5 Bxc5 22. Bxa6 Rc7 23. Nc4 Bd4 24. Ra2 Ne8 25. Rd2 Bc3 26. d6 Rxc4 27. Bxc4 Bxd2 28. Qxd2 Qxd6 29. Rd1 Qf6 30. f3 h5 31. Qd8 Qc6 32. Qe7 Qf6 33. Qxf6 Nxf6 34. Rd6 Kg7 35. Rxb6 Rd8 36. h4 Rd1+ 37. Kh2 g5 38. hxg5 Nh7 39. Bxf7 1-0

[Event "17th Spilimbergo Open 2019"]
[Site "Spilimbergo"]
[Date "2019.08.12"]
[Round "5.2"]
[White "Saric, Ivan"]
[Black "Rahul Srivatshav P"]
[Result "1-0"]
[WhiteElo "2660"]
[BlackElo "2410"]
[PlyCount "71"]
[EventDate "2019.08.09"]
[EventType "swiss"]
[EventCountry "ITA"]
[TimeControl "5400+30"]
[WhiteClock "0:21:00"]
[BlackClock "0:30:00"]

1. d4 Nf6 2. c4 g6 3. Nc3 Bg7 4. e4 d6 5. Be2 O-O 6. Be3 c5 7. d5 e6 8. Nf3 exd5 9. cxd5 Bg4 10. Nd2 Bxe2 11. Qxe2 Na6 12. O-O Re8 13. Rfe1 Nc7 14. a4 a6 15. a5 Rb8 16. Kh1 Nd7 17. Bf4 Ne5 18. Bg3 f5 19. exf5 gxf5 20. Nc4 Nxc4 21. Qxc4 Qf6 22. Qf4 Rxe1+ 23. Rxe1 Re8 24. Rxe8+ Nxe8 25. h3 Kf7 26. Qf3 Nc7 27. Na4 Nb5 28. Nb6 Kg6 29. Nc4 Bf8 30. Bf4 Kf7 31. Kh2 Ke7 32. Qe3+ Kf7 33. Qd3 Kg8 34. Qe2 Qd4 35. Qe6+ Kh8 36. Bg5 1-0

[Event "17th Spilimbergo Open 2019"]
[Site "Spilimbergo"]
[Date "2019.08.12"]
[Round "5.3"]
[White "Sonis, Francesco"]
[Black "Henderson de La Fuente, Lance"]
[Result "1/2-1/2"]
[WhiteElo "2459"]
[BlackElo "2487"]
[PlyCount "50"]
[EventDate "2019.08.09"]
[EventType "swiss"]
[EventCountry "ITA"]
[TimeControl "5400+30"]
[WhiteClock "1:13:00"]
[BlackClock "1:24:00"]

1. d4 Nf6 2. c4 e6 3. g3 d5 4. Nf3 Be7 5. Bg2 O-O 6. O-O dxc4 7. Ne5 Nc6 8. Bxc6 bxc6 9. Nxc6 Qe8 10. Nxe7+ Qxe7 11. Qa4 e5 12. dxe5 Qxe5 13. Nc3 Ne4 14. Qxc4 Nxc3 15. Qxc3 Qxe2 16. Re1 Qh5 17. Bf4 Bb7 18. Re5 Qh3 19. f3 Rae8 20. Rae1 Qd7 21. Rxe8 Rxe8 22. Rxe8+ Qxe8 23. Qxc7 Bxf3 24. Qb8 Qxb8 25. Bxb8 a6 1/2-1/2

[Event "17th Spilimbergo Open 2019"]
[Site "Spilimbergo"]
[Date "2019.08.12"]
[Round "5.4"]
[White "Ankit, R. Rajpara"]
[Black "Nisipeanu, Liviu-Dieter"]
[Result "0-1"]
[WhiteElo "2454"]
[BlackElo "2666"]
[PlyCount "80"]
[EventDate "2019.08.09"]
[EventType "swiss"]
[EventCountry "ITA"]
[TimeControl "5400+30"]
[WhiteClock "0:21:00"]
[BlackClock "0:00:33"]

1. d4 Nf6 2. c4 g6 3. Nc3 Bg7 4. e4 d6 5. Nf3 O-O 6. Be2 Na6 7. O-O e5 8. d5 Nc5 9. Nd2 a5 10. Rb1 Nfd7 11. b3 f5 12. a3 Nf6 13. b4 axb4 14. axb4 Ncxe4 15. Ndxe4 fxe4 16. c5 h5 17. Be3 Qe7 18. Qd2 Bf5 19. Nb5 Kh7 20. Rfc1 Rfd8 21. cxd6 cxd6 22. Na7 Qf7 23. Rd1 Rxa7 24. Bxa7 e3 25. Qxe3 Bxb1 26. Rxb1 Nxd5 27. Qb3 Qf5 28. Rd1 Nf4 29. Bf1 e4 30. g3 Nh3+ 31. Bxh3 Qxh3 32. Qd5 Qf5 33. Qxb7 Rd7 34. Qa6 d5 35. Bd4 Qf3 36. Qf1 Rf7 37. Be3 d4 38. Bf4 Be5 39. Bxe5 e3 40. Bxd4 e2 0-1

[Event "17th Spilimbergo Open 2019"]
[Site "Spilimbergo"]
[Date "2019.08.12"]
[Round "5.5"]
[White "Basso, Pier Luigi"]
[Black "Skembris, Spyridon"]
[Result "0-1"]
[WhiteElo "2576"]
[BlackElo "2413"]
[PlyCount "84"]
[EventDate "2019.08.09"]
[EventType "swiss"]
[EventCountry "ITA"]
[TimeControl "5400+30"]
[WhiteClock "0:07:08"]
[BlackClock "0:02:23"]

1. d4 d5 2. c4 c6 3. Nf3 Nf6 4. Nc3 g6 5. e3 Bg7 6. Bd3 O-O 7. O-O Nbd7 8. cxd5 Nxd5 9. Nxd5 cxd5 10. Qb3 Nb6 11. a4 Bf5 12. Bxf5 gxf5 13. Qd3 e6 14. b3 Bf6 15. Bd2 Qd6 16. Kh1 Nd7 17. Bc1 Rfc8 18. Ba3 Qb6 19. Rg1 Kh8 20. g4 fxg4 21. Rxg4 Rg8 22. Rg3 Rac8 23. Ng1 e5 24. dxe5 Nxe5 25. Qxd5 Nc4 26. bxc4 Bxa1 27. Bd6 Qc6 28. Nf3 Qxd5 29. cxd5 Rxg3 30. Bxg3 Kg7 31. d6 f6 32. e4 Kf7 33. Nh4 Ke6 34. Nf5 Rc4 35. f3 Rxa4 36. Ne3 Be5 37. f4 Bxd6 38. f5+ Kd7 39. Nd5 Be7 40. e5 fxe5 41. f6 Bf8 42. f7 Ke6 0-1

[Event "17th Spilimbergo Open 2019"]
[Site "Spilimbergo"]
[Date "2019.08.12"]
[Round "5.6"]
[White "Brunello, Sabino"]
[Black "Sardana, Rishi"]
[Result "0-1"]
[WhiteElo "2556"]
[BlackElo "2410"]
[PlyCount "64"]
[EventDate "2019.08.09"]
[EventType "swiss"]
[EventCountry "ITA"]
[TimeControl "5400+30"]
[WhiteClock "0:19:00"]
[BlackClock "0:00:32"]

1. Nf3 Nf6 2. g3 d5 3. Bg2 e6 4. O-O c5 5. d3 Nc6 6. Nbd2 Be7 7. e4 O-O 8. Re1 b5 9. e5 Nd7 10. Nf1 Bb7 11. h4 Qc7 12. Bf4 Rfc8 13. N1h2 a5 14. h5 h6 15. Ng4 Bf8 16. Qd2 Qd8 17. Ngh2 b4 18. g4 Be7 19. Re2 c4 20. d4 c3 21. bxc3 bxc3 22. Qc1 Ba6 23. Re1 Rab8 24. a3 Nb6 25. Kh1 Nc4 26. Bh3 Qb6 27. g5 Nxd4 28. gxh6 Nxf3 29. Nxf3 Qxf2 30. Rf1 Qe2 31. hxg7 Nd2 32. Nxd2 cxd2 0-1

[Event "17th Spilimbergo Open 2019"]
[Site "Spilimbergo"]
[Date "2019.08.12"]
[Round "5.7"]
[White "Dragnev, Valentin"]
[Black "Nikolovski, Nikola"]
[Result "1-0"]
[WhiteElo "2535"]
[BlackElo "2409"]
[PlyCount "53"]
[EventDate "2019.08.09"]
[EventType "swiss"]
[EventCountry "ITA"]
[TimeControl "5400+30"]
[WhiteClock "0:01:18"]
[BlackClock "0:14:49"]

1. Nf3 e6 2. g3 f5 3. Bg2 Nf6 4. O-O Be7 5. c4 O-O 6. d4 d6 7. Nc3 Qe8 8. b4 Nc6 9. Qb3 Qh5 10. d5 Ne5 11. Nb5 Bd8 12. c5 Nxf3+ 13. Bxf3 Qf7 14. cxd6 Nxd5 15. dxc7 Bf6 16. Rb1 Bd7 17. Nd6 Qe7 18. Nxf5 exf5 19. Be3 Be6 20. Bxd5 Bf7 21. Bc5 Qd7 22. Rfd1 Rfc8 23. Bxf7+ Qxf7 24. Rd7 Qxb3 25. Rxb3 Be5 26. Re3 Bxc7 27. Ree7 1-0

[Event "17th Spilimbergo Open 2019"]
[Site "Spilimbergo"]
[Date "2019.08.12"]
[Round "5.8"]
[White "Barp, Alberto"]
[Black "Admiraal, Miguoel"]
[Result "1-0"]
[WhiteElo "2411"]
[BlackElo "2513"]
[PlyCount "89"]
[EventDate "2019.08.09"]
[EventType "swiss"]
[EventCountry "ITA"]
[TimeControl "5400+30"]
[WhiteClock "0:02:26"]
[BlackClock "0:08:10"]

1. d4 e6 2. c4 b6 3. e4 Bb7 4. Bd3 Bb4+ 5. Kf1 Be7 6. Nc3 d6 7. Nf3 Nd7 8. g3 Bf6 9. Kg2 Ne7 10. h4 O-O 11. Bg5 c5 12. d5 Bxc3 13. bxc3 f5 14. Re1 fxe4 15. Bxe4 e5 16. Bc2 Nf6 17. Qd3 Rf7 18. h5 b5 19. cxb5 Bxd5 20. Bxf6 gxf6 21. Bb3 Bxb3 22. axb3 d5 23. Nh4 Qd7 24. c4 Rd8 25. Ra6 dxc4 26. Qxd7 Rxd7 27. bxc4 Nc8 28. Nf5 Kf8 29. Rc6 Nb6 30. Ra1 Rd8 31. Rxc5 Rfd7 32. Rc6 Kf7 33. Ra6 Rb8 34. Ne3 Rdb7 35. Ng4 Nd7 36. Nxf6 Nxf6 37. Rxf6+ Kg8 38. Rfe6 Rc8 39. Rac6 Rxc6 40. Rxc6 Kf7 41. Kf3 Rd7 42. Ke4 Rd2 43. Kxe5 Rxf2 44. Rc7+ Kg8 45. Rxa7 1-0

[Event "17th Spilimbergo Open 2019"]
[Site "Spilimbergo"]
[Date "2019.08.12"]
[Round "5.9"]
[White "Vetoshko, Volodymyr"]
[Black "Brunello, Marina"]
[Result "1-0"]
[WhiteElo "2495"]
[BlackElo "2400"]
[PlyCount "47"]
[EventDate "2019.08.09"]
[EventType "swiss"]
[EventCountry "ITA"]
[TimeControl "5400+30"]
[WhiteClock "0:12:51"]
[BlackClock "0:13:00"]

1. e4 e5 2. Nf3 Nf6 3. Nc3 Bb4 4. Nxe5 Qe7 5. Nd3 Bxc3 6. dxc3 Nxe4 7. Be2 O-O 8. O-O d5 9. Re1 Bf5 10. Bf1 Qd8 11. Qf3 Bg6 12. Nf4 Nc6 13. c4 Nb4 14. Qb3 a5 15. cxd5 Nc5 16. Qc4 Nd7 17. Nxg6 hxg6 18. Rd1 Nb6 19. Qb3 Qh4 20. c4 Qe4 21. Bd2 Qc2 22. Qxc2 Nxc2 23. Rac1 Nd4 24. Bf4 1-0

[Event "17th Spilimbergo Open 2019"]
[Site "Spilimbergo"]
[Date "2019.08.12"]
[Round "5.10"]
[White "Rogulj, Branko"]
[Black "Miron, Lucian-Costin"]
[Result "1/2-1/2"]
[WhiteElo "2410"]
[BlackElo "2494"]
[PlyCount "130"]
[EventDate "2019.08.09"]
[EventType "swiss"]
[EventCountry "ITA"]
[TimeControl "5400+30"]
[WhiteClock "0:10:44"]

1. e4 e5 2. Nf3 Nc6 3. Bb5 a6 4. Ba4 Nf6 5. O-O Be7 6. Re1 b5 7. Bb3 d6 8. a4 Bg4 9. c3 O-O 10. h3 Bh5 11. d3 Na5 12. Bc2 b4 13. Nbd2 Rb8 14. d4 Nd7 15. g4 Bg6 16. Nf1 exd4 17. cxd4 c5 18. Bf4 Re8 19. e5 dxe5 20. Nxe5 Nxe5 21. Bxe5 Bxc2 22. Qxc2 Rc8 23. Rad1 cxd4 24. Qd3 Nc6 25. Bxd4 Qa5 26. Qb3 h5 27. Ng3 hxg4 28. hxg4 Qg5 29. Qf3 Nxd4 30. Rxd4 Bf6 31. Rxe8+ Rxe8 32. Rxb4 Bxb2 33. Kg2 Be5 34. Rb7 Qf6 35. Ne4 Qg6 36. Qf5 Qxf5 37. gxf5 Bd4 38. Kf3 Rd8 39. Ng5 Bf6 40. Ne4 Rd5 41. Nxf6+ gxf6 42. Ke4 Rc5 43. Rb6 Rc4+ 44. Kd5 Rxa4 45. Rxf6 Kg7 46. Rb6 a5 47. Ke5 Ra2 48. f3 a4 49. Kf4 a3 50. Ra6 Ra1 51. Kg5 Rg1+ 52. Kf4 Ra1 53. Kg5 f6+ 54. Kf4 Kf7 55. Ra7+ Ke8 56. Ra6 Ke7 57. Ra7+ Kd8 58. Ra6 a2 59. Ra7 Kc8 60. Ra3 Kb7 61. Ra4 Kb6 62. Ra8 Kc5 63. Rc8+ Kd4 64. Rd8+ Kc3 65. Rc8+ Kd3 1/2-1/2

[Event "17th Spilimbergo Open 2019"]
[Site "Spilimbergo"]
[Date "2019.08.12"]
[Round "5.11"]
[White "Petrov, Martin"]
[Black "Emanuel, Yahav"]
[Result "1-0"]
[WhiteElo "2477"]
[BlackElo "2379"]
[PlyCount "75"]
[EventDate "2019.08.09"]
[EventType "swiss"]
[EventCountry "ITA"]
[TimeControl "5400+30"]
[WhiteClock "0:00:35"]
[BlackClock "0:02:03"]

1. e4 e5 2. Nf3 Nc6 3. Bc4 Nf6 4. d3 Be7 5. O-O O-O 6. a4 d6 7. a5 a6 8. Re1 Be6 9. Nbd2 Qd7 10. c3 Rfe8 11. Bxe6 Qxe6 12. d4 exd4 13. cxd4 d5 14. e5 Nd7 15. Nf1 Bb4 16. Bd2 Bxd2 17. Qxd2 f6 18. exf6 Qxf6 19. Ne3 Qf7 20. Qd3 Nf6 21. Qb3 Qd7 22. Rec1 Rab8 23. Rc5 Ne7 24. Ne5 Qd6 25. Rc2 c6 26. f4 Ne4 27. Re1 Ng6 28. g3 Nxe5 29. fxe5 Qe6 30. Ng2 g5 31. Rce2 Re7 32. Rf1 c5 33. Ne3 Rd8 34. Nf5 Rf7 35. g4 Re8 36. Rxe4 c4 37. Qh3 dxe4 38. Nh6+ 1-0

[Event "17th Spilimbergo Open 2019"]
[Site "Spilimbergo"]
[Date "2019.08.12"]
[Round "5.12"]
[White "Carnicelli, Valerio"]
[Black "Nagy, Gabor"]
[Result "0-1"]
[WhiteElo "2282"]
[BlackElo "2473"]
[PlyCount "44"]
[EventDate "2019.08.09"]
[EventType "swiss"]
[EventCountry "ITA"]
[TimeControl "5400+30"]
[WhiteClock "1:27:00"]
[BlackClock "1:06:00"]

1. e4 c5 2. Nf3 Nc6 3. d4 cxd4 4. Nxd4 Qb6 5. Nb3 Nf6 6. Nc3 e6 7. Qe2 Bb4 8. Bd2 O-O 9. O-O-O d5 10. exd5 exd5 11. a3 Bxc3 12. Bxc3 Re8 13. Qb5 Qxf2 14. Bd3 a6 15. Qa4 b5 16. Bxb5 axb5 17. Qxa8 Bf5 18. Rd2 Qxd2+ 19. Nxd2 Rxa8 20. Rf1 d4 21. Rxf5 dxc3 22. Rxb5 cxd2+ 0-1

[Event "17th Spilimbergo Open 2019"]
[Site "Spilimbergo"]
[Date "2019.08.12"]
[Round "6.2"]
[White "Nagy, Gabor"]
[Black "Nisipeanu, Liviu-Dieter"]
[Result "1/2-1/2"]
[WhiteElo "2473"]
[BlackElo "2666"]
[PlyCount "28"]
[EventDate "2019.08.09"]
[EventType "swiss"]
[EventCountry "ITA"]
[TimeControl "5400+30"]
[WhiteClock "1:31:00"]
[BlackClock "1:27:00"]

1. Nf3 Nf6 2. d4 g6 3. c4 Bg7 4. g3 O-O 5. Bg2 d6 6. O-O Nbd7 7. Nc3 e5 8. Qc2 exd4 9. Nxd4 Nb6 10. Rd1 Nxc4 11. Ncb5 a6 12. Qxc4 axb5 13. Nxb5 Ne8 14. Qb4 c6 1/2-1/2

[Event "17th Spilimbergo Open 2019"]
[Site "Spilimbergo"]
[Date "2019.08.12"]
[Round "6.3"]
[White "Bosiocic, Marin"]
[Black "Sonis, Francesco"]
[Result "1-0"]
[WhiteElo "2611"]
[BlackElo "2459"]
[PlyCount "109"]
[EventDate "2019.08.09"]
[EventType "swiss"]
[EventCountry "ITA"]
[TimeControl "5400+30"]
[WhiteClock "0:04:13"]
[BlackClock "0:26:00"]

1. e4 e5 2. Nf3 Nc6 3. Bb5 a6 4. Ba4 Nf6 5. O-O b5 6. Bb3 Bb7 7. Re1 Bc5 8. c3 d6 9. d4 Bb6 10. a4 h6 11. axb5 axb5 12. Rxa8 Qxa8 13. Na3 O-O 14. Nxb5 exd4 15. cxd4 Na5 16. Bc2 Bxe4 17. Bxe4 Nxe4 18. Qc2 Nf6 19. Bd2 Qd5 20. Nxc7 Qc4 21. Qxc4 Nxc4 22. Nb5 Rb8 23. Ra1 Ba5 24. Nxd6 Nxd2 25. Rxa5 Rxb2 26. Nxd2 Rxd2 27. h3 Rxd4 28. Ra8+ Kh7 29. Nxf7 Rd1+ 30. Kh2 Rd2 31. f4 Rf2 32. Rh8+ Kg6 33. Ne5+ Kf5 34. Nd3 Rd2 35. Rd8 g5 36. fxg5 hxg5 37. Kg1 g4 38. hxg4+ Nxg4 39. Rf8+ Ke4 40. Rf4+ Kxd3 41. Rxg4 Ke3 42. Kh2 Rd8 43. Kg3 Rd2 44. Kh4 Rd8 45. Rg5 Rd4+ 46. Kg3 Rd2 47. Re5+ Kd4 48. Re8 Ra2 49. Kh3 Ra7 50. g4 Rh7+ 51. Kg3 Rg7 52. Kh4 Kd5 53. Kh5 Kd6 54. g5 Kd7 55. Re1 1-0

[Event "17th Spilimbergo Open 2019"]
[Site "Spilimbergo"]
[Date "2019.08.12"]
[Round "6.4"]
[White "Godena, Michele"]
[Black "Dragnev, Valentin"]
[Result "0-1"]
[WhiteElo "2469"]
[BlackElo "2535"]
[PlyCount "90"]
[EventDate "2019.08.09"]
[EventType "swiss"]
[EventCountry "ITA"]
[TimeControl "5400+30"]
[WhiteClock "0:01:04"]

1. e4 e5 2. Nf3 Nc6 3. Bc4 Nf6 4. d3 Bc5 5. Nc3 d6 6. Na4 Bb6 7. c3 h6 8. Nxb6 axb6 9. Bb3 O-O 10. O-O Ne7 11. Re1 Ng6 12. d4 Qe7 13. Bc2 Bd7 14. a3 Kh8 15. Bd2 Nh7 16. Bd3 Rae8 17. Qe2 Qd8 18. Rad1 exd4 19. Nxd4 f5 20. Qh5 Ne5 21. Qe2 fxe4 22. Bxe4 Ng4 23. f3 d5 24. c4 dxe4 25. fxg4 Ba4 26. Bc3 Bxd1 27. Rxd1 Qg5 28. Nf5 Nf6 29. Rf1 Kh7 30. Ne3 Nd7 31. Nf5 Nf6 32. Ne3 Kg8 33. Rf5 Qg6 34. h3 Rf7 35. c5 bxc5 36. Rxc5 c6 37. Rf5 Nd5 38. Rxf7 Qxf7 39. Nf5 Nxc3 40. bxc3 Qf6 41. Qe3 Qe5 42. Kf2 Rd8 43. Qb6 Rd2+ 44. Ke3 Rd3+ 45. Ke2 Qxc3 0-1

[Event "17th Spilimbergo Open 2019"]
[Site "Spilimbergo"]
[Date "2019.08.12"]
[Round "6.5"]
[White "Barp, Alberto"]
[Black "Vetoshko, Volodymyr"]
[Result "0-1"]
[WhiteElo "2411"]
[BlackElo "2495"]
[PlyCount "106"]
[EventDate "2019.08.09"]
[EventType "swiss"]
[EventCountry "ITA"]
[TimeControl "5400+30"]
[WhiteClock "0:08:24"]
[BlackClock "0:11:02"]

1. d4 Nf6 2. c4 e6 3. Nf3 d5 4. g3 Be7 5. Bg2 O-O 6. Nc3 dxc4 7. Ne5 Nc6 8. Bxc6 bxc6 9. Nxc6 Qe8 10. Nxe7+ Qxe7 11. Qa4 c5 12. dxc5 Qxc5 13. Be3 Qh5 14. f3 Bb7 15. Qb5 Bxf3 16. Qxh5 Bxh5 17. h3 Nd5 18. Nxd5 exd5 19. Bd4 a5 20. Kf2 a4 21. a3 Rfe8 22. Rhe1 Bg6 23. e3 Rab8 24. Rad1 Be4 25. g4 f6 26. Kg3 Kf7 27. Rf1 h6 28. Rf2 Re6 29. h4 Rbe8 30. g5 f5 31. Rg1 hxg5 32. hxg5 Rg6 33. Kf4 Rh8 34. Ke5 Re6+ 35. Kf4 Rh4+ 36. Kg3 Rg4+ 37. Kh2 Rxg1 38. Kxg1 Rg6 39. Rh2 Rxg5+ 40. Kf1 Kg8 41. Ke1 Rg3 42. Ke2 Rg4 43. Kd2 Rg1 44. Kc3 Rd1 45. Rd2 Re1 46. Kb4 g5 47. Kxa4 g4 48. Kb5 g3 49. a4 g2 50. Rxg2+ Bxg2 51. a5 Bf1 52. Kb6 c3 53. Bxc3 Rxe3 0-1

[Event "17th Spilimbergo Open 2019"]
[Site "Spilimbergo"]
[Date "2019.08.12"]
[Round "6.6"]
[White "Henderson de La Fuente, Lance"]
[Black "Skembris, Spyridon"]
[Result "1/2-1/2"]
[WhiteElo "2487"]
[BlackElo "2413"]
[PlyCount "67"]
[EventDate "2019.08.09"]
[EventType "swiss"]
[EventCountry "ITA"]
[TimeControl "5400+30"]
[WhiteClock "0:34:00"]
[BlackClock "0:29:00"]

1. e4 c5 2. Nf3 Nc6 3. d4 cxd4 4. Nxd4 g6 5. c4 Bg7 6. Be3 Nf6 7. Nc3 O-O 8. Be2 b6 9. f3 Bb7 10. Qd2 Rc8 11. O-O-O Na5 12. b3 d6 13. Kb1 Nc6 14. g4 a6 15. h4 Nd7 16. h5 Nxd4 17. Bxd4 Bxd4 18. Qxd4 Nc5 19. Nd5 f6 20. h6 g5 21. b4 Nd7 22. Rhg1 Rf7 23. f4 gxf4 24. g5 e5 25. Qf2 fxg5 26. Bh5 Bxd5 27. cxd5 Rf6 28. Rxg5+ Kh8 29. Rdg1 Rxh6 30. Bf7 Nf6 31. Qg2 Qf8 32. Be6 Rb8 33. Kc1 Rh5 34. Rg7 1/2-1/2

[Event "17th Spilimbergo Open 2019"]
[Site "Spilimbergo"]
[Date "2019.08.12"]
[Round "6.7"]
[White "Sardana, Rishi"]
[Black "Petrov, Martin"]
[Result "1-0"]
[WhiteElo "2410"]
[BlackElo "2477"]
[PlyCount "87"]
[EventDate "2019.08.09"]
[EventType "swiss"]
[EventCountry "ITA"]
[TimeControl "5400+30"]
[WhiteClock "0:10:09"]
[BlackClock "0:24:00"]

1. e4 c5 2. Nf3 d6 3. Bb5+ Bd7 4. Bxd7+ Qxd7 5. c4 Nf6 6. Nc3 g6 7. d4 cxd4 8. Nxd4 Bg7 9. f3 O-O 10. Be3 Nc6 11. O-O Rac8 12. b3 a6 13. Qd3 e6 14. Rac1 Qe7 15. Rfd1 d5 16. Nxc6 bxc6 17. e5 Nd7 18. f4 f6 19. cxd5 exd5 20. Nxd5 cxd5 21. Qxd5+ Kh8 22. Rxc8 Rxc8 23. Qxd7 Qxd7 24. Rxd7 fxe5 25. fxe5 Bxe5 26. Rd5 Ba1 27. Kf2 Kg8 28. Kf3 Rc2 29. Rd2 Rc7 30. Rd8+ Kf7 31. Rd6 a5 32. Ra6 Rc2 33. Rxa5 h5 34. a4 Ke6 35. Rg5 Kf6 36. Rc5 Ra2 37. h3 Ra3 38. Rb5 Bc3 39. Ke4 Ke6 40. g4 h4 41. Bf2 g5 42. Be3 Bf6 43. Rb6+ Kf7 44. Kf5 1-0

[Event "17th Spilimbergo Open 2019"]
[Site "Spilimbergo"]
[Date "2019.08.12"]
[Round "6.8"]
[White "Solomon, Kenny"]
[Black "Palac, Mladen"]
[Result "0-1"]
[WhiteElo "2373"]
[BlackElo "2551"]
[PlyCount "92"]
[EventDate "2019.08.09"]
[EventType "swiss"]
[EventCountry "ITA"]
[TimeControl "5400+30"]
[WhiteClock "0:14:17"]

1. d4 Nf6 2. c4 e6 3. Nf3 d5 4. Nc3 c6 5. Bg5 h6 6. Bxf6 Qxf6 7. e3 g6 8. Qc2 Nd7 9. Rd1 Bg7 10. Be2 O-O 11. O-O dxc4 12. Bxc4 b6 13. Rfe1 Bb7 14. e4 b5 15. Bb3 a6 16. a4 Rac8 17. Qe2 Qe7 18. Ba2 b4 19. Nb1 c5 20. a5 cxd4 21. Nxd4 Nc5 22. e5 Rfd8 23. Bc4 Qc7 24. b3 Qxa5 25. h4 Qb6 26. Qe3 Rd7 27. Ne2 Qd8 28. Rxd7 Nxd7 29. Rd1 Qc7 30. f4 Nb6 31. h5 Nxc4 32. bxc4 Qxc4 33. hxg6 fxg6 34. Rc1 Qd5 35. Rxc8+ Bxc8 36. Nd2 a5 37. Nf3 Bb7 38. Kh2 Qc4 39. Nh4 g5 40. Nf3 gxf4 41. Nxf4 Bxf3 42. gxf3 b3 43. Kg3 Qb5 44. Qc3 Qxe5 45. Qc8+ Kh7 46. Qc1 Qf5 0-1

[Event "17th Spilimbergo Open 2019"]
[Site "Spilimbergo"]
[Date "2019.08.12"]
[Round "6.9"]
[White "Miron, Lucian-Costin"]
[Black "Di Benedetto, Edoardo"]
[Result "1/2-1/2"]
[WhiteElo "2494"]
[BlackElo "2399"]
[PlyCount "45"]
[EventDate "2019.08.09"]
[EventType "swiss"]
[EventCountry "ITA"]
[TimeControl "5400+30"]
[WhiteClock "1:14:00"]
[BlackClock "0:36:00"]

1. d4 d5 2. c4 e6 3. Nc3 Be7 4. cxd5 exd5 5. Bf4 c6 6. e3 Bd6 7. Bxd6 Qxd6 8. Bd3 Ne7 9. Qc2 b6 10. Nf3 Ba6 11. O-O Bxd3 12. Qxd3 O-O 13. e4 dxe4 14. Qxe4 Nd7 15. Rfe1 Rfe8 16. Rac1 Nf6 17. Qc2 Ng6 18. Ne4 Nxe4 19. Rxe4 Rxe4 20. Qxe4 Rc8 21. g3 f6 22. a3 Qd7 23. h4 1/2-1/2

[Event "17th Spilimbergo Open 2019"]
[Site "Spilimbergo"]
[Date "2019.08.12"]
[Round "6.10"]
[White "Veinberg, Nimrod"]
[Black "Yankelevich, Lev"]
[Result "1-0"]
[WhiteElo "2394"]
[BlackElo "2480"]
[PlyCount "123"]
[EventDate "2019.08.09"]
[EventType "swiss"]
[EventCountry "ITA"]
[TimeControl "5400+30"]
[WhiteClock "0:36:00"]
[BlackClock "0:11:52"]

1. d4 Nf6 2. c4 g6 3. Nc3 Bg7 4. e4 d6 5. f3 O-O 6. Be3 a6 7. Qd2 Nc6 8. Nge2 Bd7 9. Rb1 b5 10. cxb5 axb5 11. Nxb5 Rxa2 12. Na3 Qa8 13. Nc3 Rxa3 14. bxa3 e5 15. d5 Nd4 16. Qb2 Qa7 17. Bf2 Nh5 18. Bc4 Qc5 19. Qa2 Qa5 20. Rb4 c5 21. dxc6 Nxc6 22. Rb3 Nd4 23. Rb4 Nc6 24. Rb3 Nd4 25. O-O Nxb3 26. Qxb3 Nf4 27. Bb6 Qa8 28. a4 Be6 29. Nd5 Nxd5 30. exd5 Bc8 31. Qb5 Bf6 32. a5 Bd8 33. Qc6 Bb7 34. Qxd6 Bxb6+ 35. Qxb6 Bxd5 36. Bxd5 Qxd5 37. a6 Ra8 38. a7 Kg7 39. Ra1 h5 40. h3 h4 41. Ra6 Qd1+ 42. Kh2 Qe1 43. Qf6+ Kh6 44. Qb6 Kg7 45. Qg1 Qd2 46. Ra4 g5 47. Qc5 Qd7 48. Qxe5+ f6 49. Qa1 Kh7 50. Ra6 Qc7+ 51. Kh1 Qe7 52. Qb1+ Kg7 53. Qb8 Qe1+ 54. Kh2 Kg6 55. Qc7 Qf2 56. Qe5 Kh5 57. Qe4 Qg3+ 58. Kh1 Qc7 59. Rxf6 Qc1+ 60. Kh2 Qc7+ 61. f4 Qb7 62. Qg6# 1-0

[Event "17th Spilimbergo Open 2019"]
[Site "Spilimbergo"]
[Date "2019.08.12"]
[Round "6.11"]
[White "Ravi, Teja S."]
[Black "Blom, Vincent"]
[Result "1/2-1/2"]
[WhiteElo "2420"]
[BlackElo "2303"]
[PlyCount "72"]
[EventDate "2019.08.09"]
[EventType "swiss"]
[EventCountry "ITA"]
[TimeControl "5400+30"]
[WhiteClock "0:10:27"]
[BlackClock "0:25:00"]

1. d4 Nf6 2. Nf3 b6 3. e3 Bb7 4. Bd3 g6 5. O-O Bg7 6. c4 c5 7. d5 b5 8. Nc3 bxc4 9. Bxc4 d6 10. e4 O-O 11. Bf4 Nbd7 12. h3 Nb6 13. Be2 c4 14. Qd2 Re8 15. Rfe1 Nfd7 16. h4 Nc5 17. Bh6 Bh8 18. h5 e6 19. hxg6 hxg6 20. dxe6 Rxe6 21. Ng5 Re8 22. f3 Qf6 23. Rad1 Bg7 24. Bxg7 Kxg7 25. Nh3 Rad8 26. Qd4 Qxd4+ 27. Rxd4 d5 28. exd5 Nxd5 29. Kf2 Nb4 30. Rxd8 Rxd8 31. Rd1 Rxd1 32. Nxd1 Nxa2 33. Bxc4 Nb4 34. Ke3 Nc2+ 35. Kd2 Nd4 36. Ne3 Bc8 1/2-1/2